 Dungeon Crawl Stone Soup version 0.30-a0-586-g23e55c9e0a (webtiles) character file.

Game seed: 16738716550389505405

12 wormed the Sneak (level 2, 12/25 HPs)
             Began as a Ghoul Brigand on Jan 3, 2023.
             Quit the game on level 1 of the Dungeon.
             The game lasted 00:01:50 (520 turns).

wormed the Sneak (Ghoul Brigand)                     Turns: 520, Time: 00:01:51

Health: 12/25      AC:  3    Str: 14    XL:     2   Next: 33%
Magic:  1/1        EV: 11    Int:  6    God:
Gold:   57         SH:  0    Dex: 10    Spells: 1/1 levels left

rFire   . . .      SeeInvis .    a - +2 dagger
rCold   + . .      Faith    .    (no shield)
rNeg    + + +      Spirit   .    b - +0 robe
rPois   ∞          Reflect  .    (no helmet)
rElec   .          Harm     .    c - +0 cloak
rCorr   +          Rampage  .    (no gloves)
Will    .....                    (no boots)
Stlth   ++                       (no amulet)
HPRegen 0.24/turn                l - ring of resist corrosion
MPRegen 0.07/turn                (no ring)

@: no status effects
A: claws 1, cold resistance 1, negative energy resistance 3, inhibited
regeneration, torment resistance 2, devour on kill
a: no special abilities


You were on level 1 of the Dungeon.
You visited 1 branch of the dungeon, and saw 1 of its levels.

You collected 57 gold pieces.

Inventory:

Hand Weapons
 a - a +2 dagger (weapon)
Missiles
 d - 9 poisoned darts (quivered)
 e - 3 curare-tipped darts
Armour
 b - a +0 robe (worn)
 c - a +0 cloak (worn)
Jewellery
 l - a ring of resist corrosion (left claw)
Scrolls
 i - a scroll of summoning {unknown}
 k - 2 scrolls of identify {unknown}
 m - a scroll of fog {unknown}
Potions
 f - 2 potions of brilliance {unknown}
 g - a potion of haste {unknown}
 h - a potion of heal wounds {unknown}
 j - 2 potions of flight {unknown}


   Skills:
 + Level 2.4 Fighting
 - Level 1.7(1.8) Short Blades
 + Level 0.4(1.2) Long Blades
 + Level 2.0 Throwing
 + Level 1.1 Dodging
 - Level 4.3 Stealth
 + Level 0.5 Shields


You had one spell level left.
You didn't know any spells.
Your spell library contained the following spells:

 Spells                   Type           Power      Damage    Failure   Level
 Apportation              Tloc           0%         N/A       45%         1
 Necrotise                Necr           0%         1d4       45%         1
 Summon Small Mammal      Summ           0%         N/A       45%         1
 Summon Forest            Summ/Tloc      0%         N/A       100%        5
 Eringya's Noxious Bog    Tmut/Pois      0%         N/A       100%        6
 Summon Hydra             Summ           0%         N/A       100%        7


Dungeon Overview and Level Annotations

Branches:
Dungeon (1/15)

Altars:

Shops:
D:1 **(


Innate Abilities, Weirdness & Mutations

You are immune to poison.
You have sharp fingernails.
Your flesh is cold resistant. (rC+)
You are immune to negative energy. (rN+++)
You do not regenerate when monsters are visible.
You are immune to unholy pain and torment.
You thrive by killing the living.


Message History

Your Throwing skill increases to level 2!
You barely miss the endoplasm.
The endoplasm hits you but does no damage.
You barely miss the endoplasm. The endoplasm freezes you.
You are frozen.
You resist.
You are too injured to fight recklessly!
You are too injured to fight recklessly!
You are too injured to fight recklessly!
You are too injured to fight recklessly!
You are too injured to fight recklessly!
You are too injured to fight recklessly!
You are too injured to fight recklessly!
You are too injured to fight recklessly!
You are too injured to fight recklessly!
You are too injured to fight recklessly!
You are too injured to fight recklessly!
You are too injured to fight recklessly!
You are too injured to fight recklessly!
You are too injured to fight recklessly!
You are too injured to fight recklessly!
You are too injured to fight recklessly!
You are too injured to fight recklessly!
You are too injured to fight recklessly!
You are too injured to fight recklessly!
You barely miss the endoplasm. The endoplasm freezes you.
You are frozen.
You resist.
You hit the endoplasm.
The endoplasm is severely wounded.
The endoplasm hits you but does no damage.
You hit the endoplasm.
The endoplasm is almost dead.
The endoplasm closely misses you.
You completely miss the endoplasm.
The endoplasm is almost dead.
The endoplasm hits you but does no damage.
You hit the endoplasm.
You kill the endoplasm!
Are you sure you want to abandon this character and quit the game? (Confirm with "yes".)

....≈# ......
###### #$..# #..#
##..###+##
##........#
#..#......#
#.##......#
###.##......#
#####...##.@....#
##.....####......#
#..##### #......#
###.## #......#
###...# #......#
..#.### #......#
#..># ########
###.# #.#


There were no monsters in sight!

Vanquished Creatures
  3 endoplasms (D:1)
  2 hobgoblins (D:1)
  A ball python (D:1)
  2 kobolds (D:1)
  5 rats (D:1)
13 creatures vanquished.

Notes
Turn   | Place    | Note
-------+----------+-------------------------------------------
     0 | D:1      | wormed the Ghoul Brigand began the quest for the Orb.
     0 | D:1      | Reached XP level 1. HP: 17/17 MP: 0/0
    22 | D:1      | Reached skill level 1 in Dodging
    31 | D:1      | Found Tuap's Assorted Antiques.
    82 | D:1      | Found Sioxeceg's General Store.
   130 | D:1      | Found Rutim's Antique Weapon Boutique.
   214 | D:1      | Reached XP level 2. HP: 25/25 MP: 1/1
   520 | D:1      | Quit the game

Illustrated notes

Levels and vault maps discovered:
D:1:      dpeg_arrival_tiny_b, layout_basic, serial_shops,
          nicolae_lakefront_shop, nicolae_square_shop, nicolae_square_shop

Skill      XL: |  1  2 |
---------------+-------+-----
Dodging        | 1 |  1.1
Throwing       | 2 |  2.0
Fighting       | |  2.4
Short Blades   | |  1.7
Long Blades    | |  0.4
Stealth        | |  4.3
Shields        | |  0.5

Action                   || total
-------------------------++-------
Melee: Dagger            ||    39
       Punch             ||     1
 Stab: Sleeping          ||     4
Armor: Robe              ||     6
Dodge: Dodged            ||    17

Table legend: (Time is in decaauts)
 A = Elapsed time spent in this place.
 B = Non-inter-level travel time spent in this place.
 C = Inter-level travel time spent in this place.
 D = Time resting spent in this place.
 E = Time spent auto-exploring this place.
 F = Levels seen in this place.
 G = Mean time per level.
                   A        B        C        D        E       F      G
               +--------+--------+--------+--------+--------+-----+--------+
         Total |    516 |    516 |      0 |      0 |    412 |   1 |  516.0 |
       Dungeon |    516 |    516 |      0 |      0 |    412 |   1 |  516.0 |
               +--------+--------+--------+--------+--------+-----+--------+

Top non-repeatable levels by time:
     D:1: 516 daAuts
